 Dungeon Crawl Stone Soup version 0.25-a0-166-g16436c4407 (webtiles) character file.

Game seed: 4022019317260101459, levelgen mode: deterministic

1807 Fukker the Changer (level 8, -2/67 HPs)
             Began as a Grey Draconian Transmuter on Nov 23, 2019.
             Was a Priest of Okawaru.
             Shot with an arrow by a centaur (9 damage)
             ... on level 7 of the Dungeon.
             The game lasted 00:21:41 (6228 turns).

Fukker the Changer (Grey Draconian Transmuter)      Turns: 6228, Time: 00:21:42

Health: -2/67      AC: 13    Str: 13    XL:     8   Next: 84%
Magic:  11/11      EV: 12    Int: 25    God:    Okawaru [***...]
Gold:   472        SH:  4    Dex: 12    Spells: 1/11 levels left

rFire    . . .     SeeInvis .     - Unarmed
rCold    . . .     Gourm    .   y - +0 buckler of the Albatross {*Corrode Int+8 Stlth+}
rNeg     . . .     Faith    .   (armour unavailable)
rPois    .         Spirit   .   (helmet restricted)
rElec    .         Reflect  .   (no cloak)
rCorr    .         Harm     .   w - +1 pair of gloves {archery}
MR       +....                  (boots currently unavailable)
Stlth    ++........             (no amulet)
HPRegen  0.21/turn              s - ring of protection from magic
MPRegen  0.12/turn              (no ring)

@: appendage
A: walk through water, unfitting armour, fangs 1, talons 3, clever 1, robust 1,
screaming 1, unbreathing, evolution 2, cold-blooded, AC +11
a: End Transformation, Heroism, Renounce Religion


You were on level 7 of the Dungeon.
You worshipped Okawaru.
Okawaru was most pleased with you.
You were not hungry.
You had grown temporary talons.
You visited 1 branch of the dungeon, and saw 7 of its levels.
You also visited: Ossuary.

You collected 472 gold pieces.

Inventory:

Missiles
 a - 49 arrows
 d - 165 stones
 h - 46 sling bullets
 m - 131 bolts
 t - 17 poisoned darts
 x - 4 boomerangs (quivered)
Armour
 w - a +1 pair of gloves of archery (worn)
 y - the +0 buckler of the Albatross (worn) {*Corrode Int+8 Stlth+}
   (You found it on level 7 of the Dungeon)

   It affects your intelligence (+8).
   It may corrode you when you take damage.
   It makes you more stealthy.
Jewellery
 s - a ring of protection from magic (left hand)
Scrolls
 e - a scroll of vulnerability {unknown}
 f - a scroll of fear
 j - 2 scrolls of enchant weapon
 l - 6 scrolls of teleportation
 n - 2 scrolls of remove curse
 p - a scroll of blinking
Potions
 b - 2 potions of berserk rage
 g - a potion of ambrosia
 i - 5 potions of flight
 k - 3 potions of haste {unknown}
 o - a potion of magic {unknown}
 q - 8 potions of curing
 r - 2 potions of mutation
 u - a potion of heal wounds {unknown}
 v - 2 potions of lignification
 z - a potion of agility
Comestibles
 c - 8 rations


   Skills:
 - Level 1.9 Fighting
 - Level 1.8 Throwing
 - Level 2.5 Dodging
 - Level 0.4 Stealth
 * Level 3.7 Shields
 - Level 6.8 Unarmed Combat
 - Level 2.0 Spellcasting
 - Level 6.8 Transmutations
 - Level 2.2 Ice Magic
 - Level 2.2 Poison Magic
 - Level 2.6 Invocations


You had one spell level left.
You knew the following spells:

 Your Spells              Type           Power        Failure   Level  Hunger
a - Beastly Appendage     Tmut           #####.       1%          1    None
b - Sticks to Snakes      Tmut           #####...     1%          2    ##.....
c - Spider Form           Tmut/Pois      ####......   5%          3    ###....
d - Ice Form              Ice/Tmut       ####....     19%         4    ####...

Your spell library contained the following spells:

 Spells                   Type           Power        Failure   Level  Hunger
 Blade Hands              Tmut           #####.....   19%         5    ######.


Dungeon Overview and Level Annotations

Branches:
Dungeon (7/15)            Ossuary (visited)
 Temple: D:4-7

Altars:
Okawaru
Vehumet
Yredelemnul
The Shining One


Innate Abilities, Weirdness & Mutations

You can walk through water.
Your dull iron-grey scales are very hard. (AC +11)
You cannot fit into any form of body armour.
You can survive without breathing.
You are cold-blooded and may be slowed by cold attacks.
You have very sharp teeth.
You have claws for feet.
Your mind is acute. (Int +2)
You are robust. (+10% HP)
You occasionally shout uncontrollably at your foes.
You rapidly evolve.


Message History

An orc comes into view. It is wielding a +0 hand axe.
A centaur comes into view. It is wielding a +0 quarterstaff.
Throwing (i - inventory. (/) - cycle)
x - 4 boomerangs (quivered)
Press: ? - help, Shift-Dir - straight line, f/p - orc
Aim: an orc, wielding a -1 flail and wearing a +0 leather armour You throw a boomerang.
The boomerang barely misses the orc. x2
An orc comes into view. It is wielding a +0 flail.
The centaur unwields a +0 quarterstaff.
The centaur wields a +0 shortbow.
The centaur shoots an arrow.
The arrow hits you!
The centaur shoots an arrow.
The arrow hits you but does no damage.
There is a stone staircase leading up here.
You see here an arrow.
The centaur shoots an arrow.
The arrow hits you.
The centaur shoots an arrow.
The arrow hits you!
* * * LOW HITPOINT WARNING * * *
A hornet comes into view.
The centaur shoots an arrow.
The arrow hits you.
* * * LOW HITPOINT WARNING * * *
The centaur shoots an arrow.
The arrow hits you!
You die...

#..############....#
#.##.....#........#
##................##
###..................#
.[[..................####
.###...........†.........
..)[.....................
###[<............((......
#.[[#...........@o.>.y...
#.###.............oo.....
..# ......>##.....o.....
... ##.#### ######.o....
.### .# #..... . . .....
. .. ..c.. . .. #


You could see a hornet, a centaur and 5 orcs.

Vanquished Creatures
  Edmund (D:4)
  2 ice beasts
  2 ogres
  2 phantoms
  A gnoll sergeant (D:5)
  2 bullfrogs
  3 wights (D:7)
  A crimson imp (D:6)
  A quasit (D:7)
  3 hounds
  2 orc priests
  7 orc wizards
  2 bullfrog skeletons
  2 worker ants
  8 mummies (Ossuary)
  A howler monkey skeleton (D:4)
  9 gnolls
  5 adders
  2 adder skeletons (D:5)
  2 worms (D:2)
  4 leopard geckos
  20 orcs
  12 giant cockroaches
  6 goblins
  8 hobgoblins
  3 jackals
  2 ball pythons
  5 bats
  8 frilled lizards
  2 gnoll zombies (Ossuary)
  2 hobgoblin zombies (Ossuary)
  6 kobolds
  2 kobold zombies (Ossuary)
  2 orc zombies (Ossuary)
  8 rats
148 creatures vanquished.

Vanquished Creatures (collateral kills)
  A goblin (D:2)
  A jackal (D:5)
  A kobold (D:2)
3 creatures vanquished.

Grand Total: 151 creatures vanquished

Notes
Turn   | Place    | Note
-------+----------+-------------------------------------------
     0 | D:1      | Fukker the Draconian Transmuter began the quest for the
                  | Orb.
     0 | D:1      | Reached XP level 1. HP: 16/16 MP: 3/3
   185 | D:1      | Reached XP level 2. HP: 17/23 MP: 3/5
   200 | D:1      | Learned a level 2 spell: Sticks to Snakes
   723 | D:2      | Found an iron altar of Okawaru.
   736 | D:2      | Became a worshipper of Warmaster Okawaru
   902 | D:2      | Reached XP level 3. HP: 26/28 MP: 2/6
   923 | D:2      | Noticed a phantom
   961 | D:2      | Gained mutation: You evolve. [potion of mutation]
   961 | D:2      | Gained mutation: You rapidly evolve. [potion of mutation]
   961 | D:2      | Gained mutation: You have very sharp teeth. [potion of
                  | mutation]
   961 | D:2      | HP: 1/28 [phantom (3)]
   988 | D:2      | Killed a phantom
   988 | D:2      | Reached XP level 4. HP: 24/35 MP: 4/7
   997 | D:2      | Learned a level 3 spell: Spider Form
  1322 | D:2      | Gained mutation: You occasionally shout uncontrollably at
                  | your foes. [evolution]
  1811 | D:3      | Reached skill level 5 in Unarmed Combat
  1854 | D:3      | Reached XP level 5. HP: 32/40 MP: 4/8
  2222 | D:3      | Reached skill level 1 in Poison Magic
  2644 | D:3      | Found a basalt altar of Yredelemnul.
  2881 | D:4      | Noticed Edmund
  2894 | D:4      | Killed Edmund
  2894 | D:4      | Reached * piety under Okawaru
  2894 | D:4      | Reached XP level 6. HP: 27/47 MP: 2/9
  3185 | D:5      | Entered Level 5 of the Dungeon
  3198 | D:5      | Found a radiant altar of Vehumet.
  3289 | D:6      | Reached ** piety under Okawaru
  3586 | D:5      | Your scales start taking on a dull iron-grey colour.
  3586 | D:5      | Reached XP level 7. HP: 36/52 MP: 5/10
  3586 | D:5      | Gained mutation: You can survive without breathing. [Grey
                  | Draconian growth]
  3592 | D:5      | Reached skill level 5 in Transmutations
  3659 | D:5      | Reached skill level 1 in Invocations
  3676 | D:5      | Gained mutation: You are robust. (+10% HP) [evolution]
  3759 | D:5      | Found a sand-covered staircase.
  3766 | Ossuary  | Entered an ossuary
  4542 | D:5      | Learned a level 4 spell: Ice Form
  4763 | D:5      | Reached skill level 1 in Throwing
  4763 | D:5      | Reached XP level 8. HP: 47/64 MP: 7/11
  5355 | D:6      | Reached skill level 1 in Ice Magic
  5453 | D:6      | Reached *** piety under Okawaru
  5457 | D:6      | Found a glowing golden altar of the Shining One.
  5740 | D:6      | Gained mutation: Your mind is acute. (Int +2) [evolution]
  6077 | D:7      | Got a brightly glowing buckler
  6127 | D:7      | Reached skill level 1 in Shields
  6183 | D:6      | Identified the +0 buckler of the Albatross {*Corrode Int+8
                  | Stlth+} (You found it on level 7 of the Dungeon)
  6227 | D:7      | Noticed a hornet
  6228 | D:7      | Shot with an arrow by a centaur

Levels and vault maps discovered:
D:1:      minmay_arrival_split_and_join, layout_rooms, dk_noncrumbling_4
D:2:      minmay_roachtagon, layout_basic, okawaru_trees_1
D:3:      layout_basic, lemuel_round_altar, serial_glass, glass_columns_c,
          glass_columns_a, first_ration, hangedman_decor_growths
D:4:      layout_gridville, overflow_temple_1_default, minitemple, uniq_edmund
D:5:      layout_basic, vehumet_altar_wand_db, chequers_ossuary_entry_cave
D:6:      layout_loops_ring, overflow_temple_1_default, kennysheep_boxes
D:7:      layout_rooms, lemuel_temple_firewalk_a

Skill      XL: |  1  2  3  4  5  6  7  8 |
---------------+-------------------------+-----
Unarmed Combat | 4 5 6 |  6.8
Transmutations | 3 4 6 |  6.8
Poison Magic   | 1 2 |  2.2
Invocations    | 2 |  2.6
Dodging        | 2 |  2.5
Throwing       | 1 |  1.8
Ice Magic      | 2 |  2.2
Shields        | 3 |  3.7
Fighting       | |  1.9
Stealth        | |  0.4
Spellcasting   | |  2.0

Action                   |  1- 3 |  4- 6 |  7- 9 || total
-------------------------+-------+-------+-------++-------
Melee: Unarmed           |   107 |   184 |   250 ||   541
       Tailslap          |    11 |     8 |    20 ||    39
       Headbutt          |     3 |     2 |    10 ||    15
       Bite              |       |     4 |    12 ||    16
       Kick              |       |     5 |     7 ||    12
       Punch             |       |     2 |     3 ||     5
Throw: Stone             |       |       |    31 ||    31
       Dart              |       |       |     7 ||     7
       Boomerang         |       |       |     9 ||     9
 Cast: Beastly Appendage |    18 |    13 |    15 ||    46
       Sticks to Snakes  |     4 |     8 |     4 ||    16
       Spider Form       |       |     8 |     7 ||    15
       Ice Form          |       |       |     2 ||     2
Invok: Heroism           |       |     1 |     4 ||     5
Evoke: Wand              |       |       |     6 ||     6
  Use: Potion            |     2 |     2 |     3 ||     7
       Scroll            |       |     9 |     8 ||    17
 Stab: Distracted        |     1 |       |       ||     1
  Eat: Chunk             |     1 |    10 |     4 ||    15
       Ration            |       |       |     3 ||     3
Armor: Skin              |    36 |    35 |    65 ||   136
Dodge: Dodged            |    66 |   142 |   193 ||   401

Table legend:
 A = Non-vault XP
 B = Vault XP
 C = Vault XP percentage of total XP
 D = Non-vault monster count
 E = Vault monster count
 F = Vault count percentage of total count
                 A         B        C        D         E       F
            +---------+---------+-------+---------+---------+-------
      Total |    2265 |     317 |  12.3 |     124 |      27 |  17.9
            +---------+---------+-------+---------+---------+-------
        D:1 |      23 |       0 |   0.0 |      17 |       0 |   0.0
        D:2 |     141 |      18 |  11.3 |      22 |       9 |  29.0
        D:3 |     155 |       0 |   0.0 |      23 |       0 |   0.0
        D:4 |     108 |     145 |  57.3 |       7 |       1 |  12.5
        D:5 |     629 |       2 |   0.3 |      26 |       1 |   3.7
        D:6 |     759 |       0 |   0.0 |      19 |       0 |   0.0
        D:7 |     450 |       0 |   0.0 |      10 |       0 |   0.0
    Ossuary |       0 |     152 | 100.0 |       0 |      16 | 100.0
            +---------+---------+-------+---------+---------+-------
